PBL
COLUMBUS REDS @ CANTON INDIANS
10/07/2047
 
TOP OF THE 1ST
Canton Indians batting - Pitching for Columbus Reds : LHP Jeff Wall
Pitching: LHP Jeff Wall
Batting: RHB Tom Roberts 0-0: Ball
1-0: Bunt for hit to 23 - play at first, batter safe!
Batting: RHB Ryan Martins 0-0: Ball
1-0: Fly out, F8 (Flyball, 89XD, EV 95.0 MPH)
Batting: RHB Greg Ward 0-0: Ball
1-0: Ball
2-0: Called Strike
2-1: SINGLE (Groundball, 4MD, EV 93.8 MPH)
Tom Roberts to second
Runner from 2nd tries for 3rd, SAFE, throw by CF made to third
Batting: LHB Greg Stone 0-0: Called Strike
0-1: Swinging Strike
0-2: Ball
1-2: Strikes out swinging
Batting: RHB Gustavo Ferrer 0-0: Ball
1-0: Called Strike
1-1: Ball
2-1: Swinging Strike
2-2: Ground out 5-3 (Groundball, 56S, EV 69.4 MPH)
Top of the 1st over - 0 runs, 2 hits, 0 errors, 2 left on base; Canton 0 - Columbus 0
BOTTOM OF THE 1ST
Columbus Reds batting - Pitching for Canton Indians : RHP Oscar Archuleta
Pitching: RHP Oscar Archuleta
Batting: RHB Tim Wormell 0-0: Foul Ball, location: 2F
0-1: Ball
1-1: Ball
2-1: Ball
3-1: Base on Balls
Batting: RHB Jordan Hernandez 0-0: Ball
1-0: Ball
2-0: Ball
3-0: Base on Balls
Tim Wormell to second
Batting: LHB Manny Pena 0-0: Swinging Strike
0-1: Swinging Strike
0-2: Grounds into double play, 3-6-3 (Groundball, 3, EV 97.5 MPH)
Tim Wormell to third
Batting: RHB Hyun-jong Bark 0-0: Ball
1-0: Ball
2-0: Called Strike
2-1: Ball
3-1: Foul Ball, location: 2F
3-2: SINGLE (Groundball, 56D, EV 95.0 MPH)
Tim Wormell scores
Batting: RHB Joe Caldwell 0-0: Ball
Passed Ball!
Hyun-jong Bark to second
1-0: Ball
Passed Ball!
Hyun-jong Bark to third
2-0: Foul Ball, location: 2F
2-1: Called Strike
2-2: Strikes out swinging
Bottom of the 1st over - 1 run, 1 hit, 0 errors, 1 left on base; Canton 0 - Columbus 1
TOP OF THE 2ND
Canton Indians batting - Pitching for Columbus Reds : LHP Jeff Wall
Batting: RHB Steve Marlar 0-0: Ball
1-0: Fly out, F8 (Line Drive, 8RM, EV 92.5 MPH)
Batting: RHB Mike Womack 0-0: Ball
1-0: Foul Ball, location: 2F
1-1: Called Strike
1-2: Fly out, F8 (Flyball, 78D, EV 92.5 MPH)
Batting: RHB Nick Takac 0-0: Foul Ball, location: 2F
0-1: Ground out U3 (Groundball, 34, EV 103.8 MPH)
Top of the 2nd over - 0 runs, 0 hits, 0 errors, 0 left on base; Canton 0 - Columbus 1
BOTTOM OF THE 2ND
Columbus Reds batting - Pitching for Canton Indians : RHP Oscar Archuleta
Batting: LHB Danny Montalvo 0-0: Ball
1-0: Foul Ball, location: 2F
1-1: Fly out, F5 (Popup, 56, EV 63.8 MPH)
Batting: RHB Toshimasa Kaku 0-0: Ball
1-0: Ball
2-0: Ground out 5-3 (Groundball, 5L, EV 83.8 MPH)
Batting: RHB Carlos Ruiz 0-0: Fly out, F8 (Flyball, 8RD, EV 96.9 MPH)
Bottom of the 2nd over - 0 runs, 0 hits, 0 errors, 0 left on base; Canton 0 - Columbus 1
TOP OF THE 3RD
Canton Indians batting - Pitching for Columbus Reds : LHP Jeff Wall
Batting: RHB Rocky Campbell 0-0: Ball
1-0: Foul Ball, location: 2F
1-1: Fly out, F9 (Flyball, 9S, EV 91.9 MPH)
Batting: RHB Tom Roberts 0-0: SINGLE (Groundball, 6D, EV 98.1 MPH)
Batting: RHB Ryan Martins 0-0: Swinging Strike
0-1: Swinging Strike
0-2: Ball
1-2: Strikes out swinging
Batting: RHB Greg Ward 0-0: Ball
1-0: Ball
2-0: Ball
3-0: Base on Balls
Tom Roberts to second
Batting: LHB Greg Stone 0-0: Ball
1-0: Foul Ball, location: 2F
1-1: Swinging Strike
1-2: Ball
2-2: Ball
3-2: DOUBLE (Flyball, 8LD, EV 98.8 MPH)
Tom Roberts scores
Greg Ward to third
Greg Ward scores
Batting: RHB Gustavo Ferrer 0-0: Foul Ball, location: 2F
0-1: Ball
1-1: Swinging Strike
1-2: Ball
2-2: Strikes out swinging
Top of the 3rd over - 2 runs, 2 hits, 0 errors, 1 left on base; Canton 2 - Columbus 1
BOTTOM OF THE 3RD
Columbus Reds batting - Pitching for Canton Indians : RHP Oscar Archuleta
Batting: RHB Chris Gearhart 0-0: Called Strike
0-1: Ball
1-1: Fly out, F7 (Line Drive, 7, EV 100.0 MPH)
Batting: RHB Tim Wormell 0-0: Ball
1-0: Ball
2-0: Called Strike
2-1: Ball
3-1: Foul Ball, location: 2F
3-2: Fly out, F9 (Flyball, 89XD, EV 74.4 MPH)
Batting: RHB Jordan Hernandez 0-0: Ball
1-0: Foul Ball, location: 2F
1-1: Ball
2-1: Foul Ball, location: 2F
2-2: DOUBLE (Line Drive, 78M, EV 96.9 MPH)
Batting: LHB Manny Pena 0-0: Ball
1-0: DOUBLE (Flyball, 8LXD, EV 103.1 MPH)
Jordan Hernandez scores
Batting: RHB Hyun-jong Bark 0-0: Called Strike
0-1: Swinging Strike
0-2: Strikes out swinging
Bottom of the 3rd over - 1 run, 2 hits, 0 errors, 1 left on base; Canton 2 - Columbus 2
TOP OF THE 4TH
Canton Indians batting - Pitching for Columbus Reds : LHP Jeff Wall
Batting: RHB Steve Marlar 0-0: Ball
1-0: Fly out, F9 (Line Drive, 9, EV 101.3 MPH)
Batting: RHB Mike Womack 0-0: Ground out 5-3 (Groundball, 56, EV 85.0 MPH)
Batting: RHB Nick Takac 0-0: Foul Ball, location: 2F
0-1: Foul Ball, location: 2F
0-2: Fly out, F7 (Flyball, 7, EV 89.4 MPH)
Top of the 4th over - 0 runs, 0 hits, 0 errors, 0 left on base; Canton 2 - Columbus 2
BOTTOM OF THE 4TH
Columbus Reds batting - Pitching for Canton Indians : RHP Oscar Archuleta
Batting: RHB Joe Caldwell 0-0: Fly out, F7 (Flyball, 78XD, EV 89.4 MPH)
Batting: LHB Danny Montalvo 0-0: Ball
1-0: Swinging Strike
1-1: Ball
2-1: Ball
3-1: Foul Ball, location: 2F
3-2: Fly out, F7 (Line Drive, 7, EV 91.9 MPH)
Batting: RHB Toshimasa Kaku 0-0: Swinging Strike
0-1: Called Strike
0-2: Ball
1-2: Strikes out looking
Bottom of the 4th over - 0 runs, 0 hits, 0 errors, 0 left on base; Canton 2 - Columbus 2
TOP OF THE 5TH
Canton Indians batting - Pitching for Columbus Reds : LHP Jeff Wall
Batting: RHB Rocky Campbell 0-0: Ground out 4-3 (Groundball, 4M, EV 100.6 MPH)
Batting: RHB Tom Roberts 0-0: Foul Ball, location: 2F
0-1: Foul Ball, location: 2F
0-2: Ball
1-2: Foul Ball, location: 2F
1-2: Ball
2-2: Foul Ball, location: 2F
2-2: Foul Ball, location: 2F
2-2: Ball
3-2: Base on Balls
Batting: RHB Ryan Martins 0-0: Called Strike
0-1: Ball
Wild Pitch!
Tom Roberts to second
1-1: Foul Ball, location: 2F
1-2: Fly out, F3 (Popup, 3L, EV 50.6 MPH)
Batting: RHB Greg Ward 0-0: Called Strike
0-1: Foul Ball, location: 2F
0-2: Ball
1-2: Strikes out swinging
Top of the 5th over - 0 runs, 0 hits, 0 errors, 1 left on base; Canton 2 - Columbus 2
BOTTOM OF THE 5TH
Columbus Reds batting - Pitching for Canton Indians : RHP Oscar Archuleta
Batting: RHB Carlos Ruiz 0-0: Called Strike
0-1: SINGLE (Flyball, 89S, EV 91.3 MPH)
Batting: RHB Chris Gearhart 0-0: Ball
1-0: Ball
2-0: DOUBLE (Line Drive, 9LD, EV 103.1 MPH)
Carlos Ruiz to third
Batting: RHB Tim Wormell 0-0: Intentional Walk
Batting: RHB Jordan Hernandez 0-0: Ball
1-0: Ball
2-0: Ball
3-0: Base on Balls
Carlos Ruiz scores
Chris Gearhart to third
Tim Wormell to second
Batting: LHB Manny Pena 0-0: Ball
1-0: Called Strike
1-1: Called Strike
1-2: Foul Ball, location: 2F
1-2: SINGLE (Groundball, 4D, EV 103.8 MPH)
Chris Gearhart scores
Tim Wormell to third
Jordan Hernandez to second
Batting: RHB Hyun-jong Bark 0-0: Ball
1-0: Called Strike
1-1: Ball
2-1: Fly out, F9 (Flyball, 9LMF, EV 91.3 MPH)
Runner from 3rd tags up, SCORES, no throw by RF
Pitching: RHP Xing-fu Bei
Batting: RHB Joe Caldwell 0-0: Ball
1-0: Foul Ball, location: 2F
1-1: Foul Ball, location: 2F
1-2: Ball
2-2: Ball
3-2: Base on Balls
Jordan Hernandez to third
Manny Pena to second
Batting: LHB Danny Montalvo 0-0: Ball
1-0: Foul Ball, location: 2F
1-1: Foul Ball, location: 2F
1-2: Ball
2-2: Strikes out swinging
Batting: RHB Toshimasa Kaku 0-0: Ball
1-0: Foul Ball, location: 2F
1-1: Foul Ball, location: 2F
1-2: Ground out 4-3 (Groundball, 4, EV 105.6 MPH)
Bottom of the 5th over - 3 runs, 3 hits, 0 errors, 3 left on base; Canton 2 - Columbus 5
TOP OF THE 6TH
Canton Indians batting - Pitching for Columbus Reds : LHP Jeff Wall
Batting: LHB Greg Stone 0-0: Swinging Strike
0-1: SINGLE (Groundball, 34D, EV 95.0 MPH)
Batting: RHB Gustavo Ferrer 0-0: Fly out, F8 (Flyball, 8LXD, EV 80.0 MPH)
Batting: RHB Steve Marlar 0-0: Ball
1-0: Ball
2-0: Foul Ball, location: 2F
2-1: Fly out, F7 (Flyball, 7LS, EV 90.0 MPH)
Batting: RHB Mike Womack 0-0: Swinging Strike
0-1: Ball
1-1: Ground out 4-3 (Groundball, 4, EV 98.1 MPH)
Top of the 6th over - 0 runs, 1 hit, 0 errors, 1 left on base; Canton 2 - Columbus 5
BOTTOM OF THE 6TH
Columbus Reds batting - Pitching for Canton Indians : RHP Xing-fu Bei
Batting: RHB Carlos Ruiz 0-0: Ball
1-0: Ground out 1-3 (Groundball, P, EV 82.5 MPH)
Batting: RHB Chris Gearhart 0-0: Ball
1-0: Called Strike
1-1: Fly out, F9 (Flyball, 89D, EV 103.8 MPH)
Batting: RHB Tim Wormell 0-0: Called Strike
0-1: Ball
1-1: Foul Ball, location: 2F
1-2: Strikes out swinging
Bottom of the 6th over - 0 runs, 0 hits, 0 errors, 0 left on base; Canton 2 - Columbus 5
TOP OF THE 7TH
Canton Indians batting - Pitching for Columbus Reds : LHP Jeff Wall
Batting: RHB Nick Takac 0-0: Foul Ball, location: 2F
0-1: Ball
1-1: Swinging Strike
1-2: Ball
2-2: Strikes out swinging
Batting: RHB Rocky Campbell 0-0: Ball
1-0: Swinging Strike
1-1: Ball
2-1: Ball
3-1: Swinging Strike
3-2: Fly out, F7 (Flyball, 78M, EV 89.4 MPH)
Batting: RHB Tom Roberts 0-0: Ball
1-0: Called Strike
1-1: Called Strike
1-2: Strikes out swinging
Top of the 7th over - 0 runs, 0 hits, 0 errors, 0 left on base; Canton 2 - Columbus 5
BOTTOM OF THE 7TH
Columbus Reds batting - Pitching for Canton Indians : RHP Xing-fu Bei
Batting: RHB Jordan Hernandez 0-0: Ball
1-0: Foul Ball, location: 2F
1-1: Swinging Strike
1-2: Ball
2-2: Ball
3-2: Base on Balls
Batting: LHB Manny Pena 0-0: Ball
1-0: Ball
2-0: Ball
3-0: Base on Balls
Jordan Hernandez to second
Batting: RHB Hyun-jong Bark 0-0: Called Strike
0-1: Foul Ball, location: 2F
0-2: Ball
1-2: Ball
2-2: Foul Ball, location: 2F
2-2: Foul Ball, location: 2F
2-2: Ball
3-2: Foul Ball, location: 2F
3-2: SINGLE (Line Drive, 56D, EV 100.6 MPH)
Jordan Hernandez to third
Manny Pena to second
Pitching: RHP Marshall Barron
Batting: RHB Joe Caldwell 0-0: Called Strike
0-1: Fly out, F7 (Flyball, 8LS, EV 91.9 MPH)
Batting: LHB Danny Montalvo 0-0: Ball
1-0: Called Strike
1-1: Grounds into fielders choice 4-2 (Groundball, 34S, EV 83.8 MPH)
Manny Pena to third
Hyun-jong Bark to second
Batting: RHB Toshimasa Kaku 0-0: Ball
1-0: Swinging Strike
1-1: Ground out 4-3 (Groundball, 4S, EV 74.4 MPH)
Bottom of the 7th over - 0 runs, 1 hit, 0 errors, 3 left on base; Canton 2 - Columbus 5
TOP OF THE 8TH
Canton Indians batting - Pitching for Columbus Reds : LHP Jeff Wall
Pitching: RHP Luis Cruz
Batting: RHB Ryan Martins 0-0: Called Strike
0-1: Ball
1-1: Ground out 5-3 (Groundball, 5L, EV 94.4 MPH)
Batting: RHB Greg Ward 0-0: Fly out, F4 (Popup, 23, EV 89.4 MPH)
Batting: LHB Greg Stone 0-0: Called Strike
0-1: Fly out, F4 (Popup, 4M, EV 71.9 MPH)
Top of the 8th over - 0 runs, 0 hits, 0 errors, 0 left on base; Canton 2 - Columbus 5
BOTTOM OF THE 8TH
Columbus Reds batting - Pitching for Canton Indians : RHP Marshall Barron
Batting: RHB Carlos Ruiz 0-0: Foul Ball, location: 2F
0-1: Foul Ball, location: 2F
0-2: Foul Ball, location: 2F
0-2: Strikes out swinging
Batting: RHB Chris Gearhart 0-0: Ball
1-0: Called Strike
1-1: Called Strike
1-2: Foul Ball, location: 2F
1-2: Ball
2-2: Strikes out looking
Batting: RHB Tim Wormell 0-0: Called Strike
0-1: Foul Ball, location: 2F
0-2: Ball
1-2: Ball
2-2: Strikes out swinging
Bottom of the 8th over - 0 runs, 0 hits, 0 errors, 0 left on base; Canton 2 - Columbus 5
TOP OF THE 9TH
Canton Indians batting - Pitching for Columbus Reds : RHP Luis Cruz
Pitching: RHP Gidde Buitink
Batting: RHB Gustavo Ferrer 0-0: Ball
1-0: Called Strike
1-1: Foul Ball, location: 2F
1-2: Ball
2-2: Foul Ball, location: 2F
2-2: Strikes out swinging
Batting: RHB Steve Marlar 0-0: Foul Ball, location: 2F
0-1: Foul Ball, location: 2F
0-2: Ball
1-2: Foul Ball, location: 2F
1-2: Ball
2-2: Ball
3-2: Fly out, F9 (Flyball, 9S, EV 76.3 MPH)
Batting: RHB Mike Womack 0-0: Ball
1-0: Fly out, F9 (Flyball, 9LM, EV 89.4 MPH)
Top of the 9th over - 0 runs, 0 hits, 0 errors, 0 left on base; Canton 2 - Columbus 5
Thursday, December 15th , 2022 - OOTP Baseball 23.9 Build 102